 Dungeon Crawl Stone Soup version 0.25.0-26-g0c896c7088 (webtiles) character file.

Game seed: 228200237274773167

261 Esekla the Grave Robber (level 6, 0/44 HPs)
             Began as a Formicid Necromancer on July 1, 2020.
             Was an Initiate of Sif Muna.
             Slain by a gnoll
             ... wielding a +0 spear
              (3 damage)
             ... on level 4 of the Dungeon.
             The game lasted 00:16:01 (2296 turns).

Esekla the Grave Robber (Formicid Necromancer)      Turns: 2296, Time: 00:16:02

Health: 0/44       AC:  2    Str: 12    XL:     6   Next: 41%
Magic:  2/11       EV: 12    Int: 17    God:    Sif Muna [......]
Gold:   97         SH:  0    Dex: 11    Spells: 8/12 levels left

rFire    . . .     SeeInvis +   e - +1 dagger (elec)
rCold    . . .     Gourm    .   (no shield)
rNeg     . . .     Faith    .   a - +0 robe
rPois    .         Spirit   .   (helmet unavailable)
rElec    .         Reflect  .   (no cloak)
rCorr    +         Harm     .   (no gloves)
MR       .....                  (no boots)
Stlth    +++.......             r - amulet of the acrobat
HPRegen  0.14/turn              b - ring of resist corrosion
MPRegen  0.12/turn              j - ring of stealth

@: no status effects
A: permanent stasis, dig shafts and tunnels, four strong arms, antennae 3
a: Dig, Shaft Self, Renounce Religion


You were on level 4 of the Dungeon.
You worshipped Sif Muna.
Sif Muna was noncommittal.
You were hungry.

You visited 1 branch of the dungeon, and saw 6 of its levels.

You collected 97 gold pieces.

Inventory:

Hand Weapons
 e - a +1 dagger of electrocution (weapon)
 t - a +0 trident
 v - a +2 dagger of venom
Missiles
 m - 4 curare-tipped darts (quivered)
Armour
 a - a +0 robe (worn)
 o - a cursed +0 buckler
Jewellery
 b - a ring of resist corrosion (left hand)
 j - a ring of stealth (right hand)
 r - an amulet of the acrobat (around neck)
Scrolls
 d - a scroll of fog
 g - a scroll of immolation {unknown}
 h - a scroll of remove curse
 k - a scroll of blinking {unknown}
 l - a scroll of fear {unknown}
 n - a scroll of identify {unknown}
 p - a scroll of teleportation {unknown}
Comestibles
 c - 5 rations
 q - 4 chunks of flesh


   Skills:
 * Level 2.1 Fighting
 + Level 1.7 Short Blades
 + Level 2.3 Dodging
 + Level 4.1 Stealth
 * Level 3.6 Spellcasting
 + Level 4.8 Necromancy


You had 8 spell levels left.
You knew the following spells:

 Your Spells              Type           Power        Failure   Level  Hunger
a - Pain                  Necr           ###.         2%          1    None
d - Vampiric Draining     Necr           ###.......   7%          3    ###....

Your spell library contained the following spells:

 Spells                   Type           Power        Failure   Level  Hunger
 Animate Skeleton         Necr           N/A          2%          1    None
 Animate Dead             Necr           N/A          22%         4    ####...
 Agony                    Necr           ###.....     52%         5    ######.


Dungeon Overview and Level Annotations

Branches:
Dungeon (6/15)
 Temple: D:4-7

Altars:
Gozag
Ru
Sif Muna
Uskayaw
Xom


Innate Abilities, Weirdness & Mutations

You cannot be hasted, slowed, berserked, paralysed or teleported.
You can dig through walls and to a lower floor.
Your four strong arms can wield two-handed weapons with a shield.
You have a pair of large antennae on your head. (SInv)


Message History

Casting: Vampiric Draining (dangerous; 7% risk of failure)
Confirm with . or Enter, or press ? or * to list all spells.
Aiming: Vampiric Draining (dangerous; 7% risk of failure)
Press: ? - help, Shift-Dir - straight line, f/p - gnoll
Aim: a gnoll, wielding a +0 flail (almost dead)
You kill the gnoll!
Sif Muna accepts your kill.
You feel life coursing into your body.
The gnoll hits you from afar with a +0 spear.
You hit the gnoll. Lightning courses through the gnoll!!
You kill the gnoll!
Sif Muna accepts your kill.
You hit the gnoll. Lightning courses through the gnoll!
The gnoll is almost dead.
The gnoll hits you!
* * * LOW HITPOINT WARNING * * *
The gnoll hits you.
* * * LOW HITPOINT WARNING * * *
The gnoll hits you with a +0 spear.
You die...

##.....# ##......#
#####.......#
#...........# ...
#...........# ...###
#.....†.....# ......####
##...........##
.........###.........)...#
.............#.g@....)...#
.............)#g...>.....#
........................##
...........###..........#
.......(#..# ###.......##
....#####g## ##......# ###
#.g# ######## ##{## #{g#


You could see 2 gnolls.

Vanquished Creatures
  An ogre (D:4)
  Natasha (D:2)
  A worker ant (D:4)
  A hound skeleton (D:4)
  Robin (D:1)
  2 gnolls (D:4)
  2 adders (D:3)
  2 worms (D:2)
  A dart slug (D:1)
  A leopard gecko (D:1)
  2 orcs (D:4)
  3 giant cockroaches
  14 goblins
  6 hobgoblins (D:1)
  6 jackals
  A quokka (D:3)
  A ball python (D:1)
  2 bats (D:1)
  4 frilled lizards
  3 kobolds
  4 rats (D:1)
59 creatures vanquished.

Notes
Turn   | Place    | Note
-------+----------+-------------------------------------------
     0 | D:1      | Esekla the Formicid Necromancer began the quest for the
                  | Orb.
     0 | D:1      | Reached XP level 1. HP: 13/13 MP: 3/3
   491 | D:1      | Reached XP level 2. HP: 19/19 MP: 3/5
   548 | D:2      | Found a shimmering altar of Xom.
   549 | D:2      | Found a shimmering altar of Xom.
   549 | D:2      | Found a shimmering altar of Xom.
   549 | D:2      | Found a shimmering altar of Xom.
   550 | D:2      | Found a shimmering altar of Xom.
   550 | D:2      | Found a shimmering altar of Xom.
   871 | D:2      | Reached XP level 3. HP: 24/24 MP: 6/6
   990 | D:1      | Learned a level 3 spell: Vampiric Draining
   991 | D:2      | Noticed Robin
  1187 | D:1      | Killed Robin
  1463 | D:1      | Reached XP level 4. HP: 25/31 MP: 0/7
  1749 | D:2      | Noticed Natasha
  1756 | D:2      | Found a sacrificial altar of Ru.
  1762 | D:2      | Killed Natasha
  1762 | D:2      | Reached skill level 1 in Fighting
  1796 | D:2      | Reached skill level 1 in Short Blades
  1867 | D:3      | Reached XP level 5. HP: 34/37 MP: 9/9
  1972 | D:3      | Found a hide-covered altar of Uskayaw.
  2010 | D:3      | Found an opulent altar of Gozag.
  2103 | D:4      | Found a shimmering blue altar of Sif Muna.
  2103 | D:4      | Noticed an ogre
  2116 | D:4      | Became a worshipper of Sif Muna the Loreminder
  2132 | D:4      | You fall into a shaft and drop 1 floor!
  2132 | D:5      | Entered Level 5 of the Dungeon
  2167 | D:5      | Noticed an ice beast
  2172 | D:6      | Noticed an ogre
  2195 | D:4      | Noticed an ogre
  2218 | D:4      | Killed an ogre
  2218 | D:4      | Reached XP level 6. HP: 9/44 MP: 0/11
  2296 | D:4      | Slain by a gnoll

Illustrated notes

Levels and vault maps discovered:
D:1:      shiori_arrival_maze, layout_rooms, minmay_tiny_reverse_x
D:2:      layout_basic, nicolae_overflow_crystal_walls, xom_redecorated,
          uniq_robin, uniq_natasha
D:3:      layout_rooms, lemuel_round_altar, old_standard_altar,
          grunt_dithmenos_smoke_and_mirrors, lightli_temple_of_fire,
          makhleb_heckhound_becter
D:4:      layout_cave_pods, lemuel_doored_altar, tgw_trog,
          minmay_temple_entry_junction, cheibrodos_sewer_entry_bend
D:5:      layout_cave_pools, first_ration, lemuel_angel_altar
D:6:      minmay_clustersquares, layout_basic, kennysheep_mini, basic_altar

Skill      XL: |  1  2  3  4  5 |
---------------+----------------+-----
Stealth        | 3 4 |  4.1
Fighting       | 1 2 |  2.1
Dodging        | 2 |  2.3
Spellcasting   | 3 |  3.6
Short Blades   | 1 |  1.7
Necromancy     | |  4.8

Action                   |  1- 3 |  4- 6 || total
-------------------------+-------+-------++-------
Melee: Dagger            |    56 |    81 ||   137
Throw: Dart              |       |     1 ||     1
 Cast: Pain              |    10 |     1 ||    11
       Vampiric Draining |     4 |     6 ||    10
  Use: Scroll            |       |     2 ||     2
 Stab: Sleeping          |     4 |     7 ||    11
  Eat: Chunk             |     2 |     3 ||     5
Armor: Robe              |     9 |    16 ||    25
Dodge: Dodged            |    42 |    46 ||    88
